 Dungeon Crawl Stone Soup version 0.21-a0-38-g95c5c02 (webtiles) character file.

70564 TheGoonsmith the Bludgeoner (level 15, 0/95 HPs)
             Began as a Gargoyle Gladiator on May 29, 2017.
             Was the Champion of Qazlal.
             Slain by an orc warrior
             ... wielding a +0 battleaxe
             ... led by an orc knight
              (19 damage)
             ... on level 2 of the Orcish Mines.
             The game lasted 00:56:08 (21606 turns).

TheGoonsmith the Bludgeoner (Gargoyle Gladiator)   Turns: 21606, Time: 00:56:08

Health: 0/95       AC: 33    Str: 27    XL:     15   Next: 33%
Magic:  15/22      EV: 10    Int: 10    God:    Qazlal [******]
Gold:   2000       SH: 12    Dex: 14    Spells: 9/14 levels left

rFire    + . .     SeeInvis .   t - +1 great mace (flame)
rCold    . . .     Gourm    .   (shield currently unavailable)
rNeg     + . .     Faith    .   y - +3 chain mail {rF+}
rPois    ∞         Spirit   .   c - +0 helmet
rElec    +         Reflect  +   (no cloak)
rCorr    .         Harm     .   a - +1 pair of gloves
MR       ++...                  v - +0 pair of boots
Stlth    ..........             J - +4 amulet of reflection
Regen    0.3/turn               j - ring of protection from magic
MPRegen  0.2/turn               p - ring of Feughuc {+Fly Str+7}

@: protected from physical damage, drained, repel missiles
A: big wings, negative energy resistance 1, electricity resistance, unbreathing,
petrification resistance, rot immunity, AC +11
a: Fly, Upheaval, Elemental Force, Disaster Area, Renounce Religion, Evoke
Flight


You were on level 2 of the Orcish Mines.
You worshipped Qazlal.
Qazlal was exalted by your worship.
You were not hungry.

You visited 3 branches of the dungeon, and saw 20 of its levels.
You also visited: Labyrinth and Volcano.

You collected 2243 gold pieces.
You spent 243 gold pieces at shops.

Inventory:

Hand Weapons
 t - a +1 great mace of flaming (weapon)
Missiles
 d - 4 throwing nets (quivered)
Armour
 a - a +1 pair of gloves (worn)
 c - a +0 helmet (worn)
 v - a +0 pair of boots (worn)
 y - a +3 chain mail of fire resistance (worn)
Jewellery
 j - a ring of protection from magic (left hand)
 p - the ring of Feughuc (right hand) {+Fly Str+7}
   (You found it on level 4 of the Dungeon)

   [ring of flight]

   It affects your strength (+7).
   It lets you fly.
 A - an uncursed ring of protection from cold
 J - a +4 amulet of reflection (around neck)
 X - an uncursed ring of protection from magic
 Y - an uncursed amulet of rage
Wands
 q - a wand of lightning (7/15)
 s - a wand of polymorph (8/24)
 z - a wand of enslavement (16/24)
 B - a wand of random effects (28/48)
 C - a wand of iceblast (4/15)
 E - a wand of acid (5/15)
 F - a wand of iceblast (7/15)
 H - a wand of clouds (3/9)
 L - a wand of lightning (6/15)
 S - a wand of digging (6/24)
 U - a wand of lightning (2/15)
Scrolls
 b - a scroll of recharging
 e - 21 scrolls of teleportation
 g - 6 scrolls of remove curse
 i - 4 scrolls of blinking
 m - 2 scrolls of fog
 r - 3 scrolls of identify
 G - a scroll of amnesia
 O - a scroll of summoning
 T - 4 scrolls of fear
Potions
 h - a potion of invisibility
 l - 2 potions of ambrosia
 n - 3 potions of berserk rage
 u - 3 potions of haste
 w - 10 potions of curing
 D - 3 potions of brilliance
 I - a potion of might
 K - 4 potions of heal wounds
 M - a potion of resistance
 N - a potion of cancellation
 P - 2 potions of magic
Comestibles
 f - 12 bread rations
 k - 4 chunks of flesh


   Skills:
 - Level 11.6(11.5) Fighting
 * Level 18.4(18.3) Maces & Flails
 - Level 1.7 Throwing
 - Level 9.8(9.7) Armour
 - Level 2.4(2.3) Dodging
   Level 9.4(9.3) Shields
 + Level 10.1(10.0) Invocations


You had 9 spell levels left.
You knew the following spells:

 Your Spells              Type           Power        Failure   Level  Hunger
a - Swiftness             Chrm/Air       #.......     95%         2    ###....
b - Summon Butterflies    Summ           #.......     86%         1    ##.....
c - Blink                 Tloc           N/A          95%         2    ###....


Dungeon Overview and Level Annotations

Branches:
Dungeon (12/15)            Temple (0/1) D:6            Lair (6/6) D:11
  Swamp (0/4) Lair:2        Snake (0/4) Lair:2        Slime (0/5) Lair:6
    Orc (2/2) D:12
    Elf: Orc:2

Altars:
Dithmenos
Fedhas
Gozag
Kikubaaqudgha
Nemelex Xobeh
Qazlal
Sif Muna
Vehumet
Wu Jian
The Shining One

Shops:
D:4 %   D:10 *   Orc:1 =   Orc:2 (


Innate Abilities, Weirdness & Mutations

You are resistant to torment.
Your stone body is resilient. (AC +11)
You are immune to poison.
Your large and strong wings let you fly indefinitely.
You resist negative energy. (rN+)
You are resistant to electric shocks. (rElec)
You can survive without breathing.
You are immune to petrification.
You are immune to rotting.


Message History

The red devil disappears in a puff of smoke!
The blast of ice hits the orc priest.
The orc priest is lightly wounded.
The orc priest is flash-frozen.
The blast of ice hits the orc warrior.
You kill the orc warrior!
Qazlal accepts your kill.
The blast of ice hits the orc warrior.
The orc warrior is severely wounded.
The orc warrior is flash-frozen.
The blast of rubble hits the orc wizard.
You kill the orc wizard!
Qazlal accepts your kill.
The cutting wind hits the orc priest.
You kill the orc priest!
Qazlal accepts your kill.
The cutting wind hits the orc warrior.
You kill the orc warrior!
Qazlal accepts your kill.
The orc warrior hits you with a battleaxe!!
You die...

.##.....................
........)...............
........................
........................
.......)................
.#.............. ....
........§§...... ....
.#...#.o.§...... ......
#....o@§§.<........#...
#....§)o)§.........#....
##...§.§§...............
#...§.§.................
.....§.....#.#..........
...##)....#..#.#.......# .§.
....................
.###.........#.#...........)..
.#.#........... ..##..∩..)


You could see an orc knight and 2 orc warriors.

Vanquished Creatures
  Rupert (Lair:5)
  A minotaur (Lab)
  A rakshasa (D:11)
  Fannar (Lair:3)
  Erolcha (D:9)
  The ghost of Jienny the Brawler, a journeyman TrMo of Okawaru (Lair:1)
  A catoblepas (Lair:6)
  5 two-headed ogres
  4 hydras
  A deep troll shaman (Lair:6)
  9 death yaks (Lair:6)
  An ogre mage (Volcano)
  The ghost of ereinion the Carver, a novice DsAK of Lugonu (D:9)
  An orc high priest (Orc:2)
  A hell knight (Volcano)
  2 fire crabs
  An orc knight (Orc:1)
  2 orc sorcerers (Orc:2)
  5 cyclopes (D:11)
  A manticore (D:12)
  2 black mambas
  17 elephants
  A centaur zombie (D:12)
  A gargoyle (D:10)
  16 spiny frogs
  2 rime drakes
  9 komodo dragons
  4 trolls
  3 polar bears
  7 blink frogs
  7 dream sheep
  A hornet (D:9)
  Grinder (D:4)
  10 hippogriffs
  A water elemental (D:12)
  3 shadows (Lab)
  A vampire (D:12)
  2 wyverns
  28 yaks
  7 fire bats (Volcano)
  A wraith (D:12)
  A human (shapeshifter) (D:11)
  5 hungry ghosts
  2 basilisks (Lair:2)
  A vampire mosquito (D:11)
  Edmund (D:4)
  2 wargs (Orc:2)
  Duvessa (D:6)
  A soldier ant (D:11)
  The ghost of TheGoonsmith the Gusty, an amateur TeAE of Vehumet (D:4)
  2 acid dragons (D:11)
  12 water moccasins
  24 orc warriors
  8 porcupines
  4 sky beasts
  4 ice beasts
  3 black bears
  6 necrophages (Lair:3)
  2 phantoms (D:11)
  9 ogres
  24 wolves
  4 centaurs
  15 crocodiles
  5 big kobolds
  Blork the orc (D:4)
  11 bullfrogs
  A wyvern skeleton (D:11)
  A water moccasin skeleton (D:8)
  Dowan (D:6)
  2 scorpions
  12 killer bees (D:10)
  7 wights
  4 electric eels
  2 howler monkeys
  4 jellies
  6 crimson imps
  12 lava snakes
  2 quasits
  2 bullfrog zombies
  2 hounds
  3 bullfrog skeletons (D:12)
  3 centaur skeletons
  19 orc priests
  24 orc wizards
  Terence (D:3)
  5 iguanas
  14 worker ants
  3 hound skeletons
  A worker ant zombie (D:11)
  11 adders
  7 gnolls
  5 shadow imps
  2 adder zombies
  2 adder skeletons
  2 worms
  2 dart slugs (D:2)
  5 leopard geckos
  62 orcs
  7 giant cockroaches
  6 goblins
  7 hobgoblins
  27 jackals
  6 quokkas
  2 ball pythons (D:2)
  10 bats
  9 frilled lizards
  21 kobolds
  A quokka skeleton (D:4)
  3 quokka zombies
  3 rats
  A plant (Lair:6)
646 creatures vanquished.

Vanquished Creatures (collateral kills)
  A death knight (D:11)
  A cyclops (shapeshifter) (D:11)
  A water moccasin (Lair:6)
  2 wolves (Lair:6)
5 creatures vanquished.

Vanquished Creatures (others)
  A bush (D:11)
  6 fungi
  11 plants
18 creatures vanquished.

Grand Total: 669 creatures vanquished

Notes
Turn   | Place    | Note
-------+----------+-------------------------------------------
     0 | D:1      | TheGoonsmith the Gargoyle Gladiator began the quest for the Orb.
     0 | D:1      | Reached XP level 1. HP: 12/12 MP: 1/1
   186 | D:1      | Found a glowing golden altar of the Shining One.
   281 | D:1      | Reached XP level 2. HP: 18/18 MP: 2/2
  1175 | D:2      | Found a stormy altar of Qazlal.
  1183 | D:2      | Became a worshipper of Qazlal Stormbringer
  1198 | D:2      | Reached XP level 3. HP: 15/22 MP: 3/3
  1388 | D:2      | Reached skill level 4 in Maces & Flails
  1519 | D:2      | Found a radiant altar of Vehumet.
  1603 | D:2      | Reached XP level 4. HP: 28/28 MP: 4/4
  1906 | D:3      | Reached * piety under Qazlal
  1988 | D:3      | Found a shadowy altar of Dithmenos.
  2275 | D:3      | Reached XP level 5. HP: 26/32 MP: 5/5
  2305 | D:3      | Reached skill level 5 in Maces & Flails
  2558 | D:3      | Noticed Terence
  2574 | D:3      | Killed Terence
  2578 | D:3      | Reached ** piety under Qazlal
  2578 | D:3      | Reached XP level 6. HP: 11/38 MP: 6/6
  3141 | D:3      | Reached skill level 6 in Maces & Flails
  3235 | D:4      | Noticed Grinder
  3235 | D:4      | Noticed Edmund
  3261 | D:4      | Found Fyez's Food Shop.
  3291 | D:4      | Noticed TheGoonsmith's ghost (amateur TeAE)
  3305 | D:4      | Killed TheGoonsmith's ghost
  3343 | D:4      | Reached XP level 7. HP: 44/44 MP: 7/7
  3461 | D:4      | Killed Grinder
  3461 | D:4      | Reached skill level 5 in Fighting
  3461 | D:4      | Reached skill level 7 in Maces & Flails
  3605 | D:4      | Got a twitching bronze ring
  3610 | D:4      | Identified the ring of Feughuc {+Fly Str+7} (You found it on level 4 of the Dungeon)
  3624 | D:4      | Noticed Blork the orc
  3633 | D:4      | Killed Blork the orc
  3817 | D:4      | Found a sparkling altar of Nemelex Xobeh.
  4056 | D:4      | Killed Edmund
  4056 | D:4      | Reached XP level 8. HP: 45/51 MP: 8/8
  4120 | D:5      | Entered Level 5 of the Dungeon
  4144 | D:5      | Reached skill level 8 in Maces & Flails
  4575 | D:5      | Reached skill level 9 in Maces & Flails
  4793 | D:5      | Found a deep blue altar of Sif Muna.
  4796 | D:5      | Found an opulent altar of Gozag.
  4797 | D:5      | Found an ornate altar of the Wu Jian Council.
  4932 | D:5      | Reached *** piety under Qazlal
  5282 | D:6      | Noticed Dowan
  5282 | D:6      | Found a staircase to the Ecumenical Temple.
  5282 | D:6      | Noticed Duvessa
  5291 | D:6      | Killed Dowan
  5295 | D:6      | Killed Duvessa
  5295 | D:6      | Reached XP level 9. HP: 54/57 MP: 9/9
  5586 | D:6      | Reached skill level 10 in Maces & Flails
  5720 | D:6      | Found a blossoming altar of Fedhas.
  6510 | D:7      | Reached skill level 1 in Invocations
  6762 | D:8      | Reached **** piety under Qazlal
  7339 | D:9      | Noticed ereinion's ghost (novice DsAK)
  7348 | D:9      | Killed ereinion's ghost
  7348 | D:9      | Reached skill level 11 in Maces & Flails
  7348 | D:9      | Reached XP level 10. HP: 60/65 MP: 12/12
  7354 | D:9      | Noticed a two-headed ogre
  7369 | D:9      | Killed a two-headed ogre
  7596 | D:9      | Noticed Erolcha
  7603 | D:9      | Killed Erolcha
  7603 | D:9      | Reached skill level 12 in Maces & Flails
  7603 | D:9      | Reached skill level 5 in Invocations
  7934 | D:9      | Found an ancient bone altar of Kikubaaqudgha.
  8266 | D:10     | Entered Level 10 of the Dungeon
  8450 | D:10     | Reached ***** piety under Qazlal
  8531 | D:10     | Reached XP level 11. HP: 56/72 MP: 15/15
  8604 | D:10     | Reached skill level 10 in Fighting
  9013 | D:10     | Found Epist's Assorted Antiques.
  9025 | D:10     | Bought a scroll labeled UHIUCO KAEZ for 18 gold pieces
  9025 | D:10     | Bought a scroll of teleportation for 54 gold pieces
  9025 | D:10     | Bought a scroll of teleportation for 54 gold pieces
  9025 | D:10     | Bought a scroll of fear for 63 gold pieces
  9025 | D:10     | Bought a scroll of teleportation for 54 gold pieces
  9176 | D:11     | Reached skill level 1 in Shields
  9188 | D:11     | Reached skill level 13 in Maces & Flails
  9294 | D:11     | Noticed a six-headed hydra
  9302 | D:11     | Killed a six-headed hydra
  9394 | D:11     | Noticed a cyclops
  9403 | D:11     | Killed a cyclops
  9629 | D:11     | Found a staircase to the Lair.
  9749 | D:11     | Noticed a cyclops
  9755 | D:11     | Killed a cyclops
  9827 | D:11     | Noticed a death knight
  9827 | D:11     | Noticed a cyclops
  9835 | D:11     | Killed a cyclops
  9853 | D:11     | Noticed a cyclops
  9854 | D:11     | Noticed a rakshasa
  9875 | D:11     | Killed a death knight
  9876 | D:11     | Killed a rakshasa
  9876 | D:11     | Reached skill level 14 in Maces & Flails
  9876 | D:11     | Reached XP level 12. HP: 16/77 MP: 10/18
 10385 | D:11     | Reached skill level 5 in Shields
 10574 | D:11     | Found a blossoming altar of Fedhas.
 10879 | Lair:1   | Entered Level 1 of the Lair of Beasts
 11004 | Lair:1   | Noticed Jienny's ghost (journeyman TrMo)
 11014 | Lair:1   | Killed Jienny's ghost
 11120 | Lair:1   | Learned a level 2 spell: Swiftness
 11292 | Lair:1   | Reached skill level 15 in Maces & Flails
 11896 | Lair:2   | Reached XP level 13. HP: 64/82 MP: 19/19
 12421 | Lair:2   | Found a staircase to the Swamp.
 12481 | Lair:2   | Found a staircase to the Snake Pit.
 12728 | Lair:2   | Reached skill level 16 in Maces & Flails
 13285 | Lair:3   | Reached skill level 1 in Armour
 13310 | Lair:3   | Reached ****** piety under Qazlal
 13324 | Lair:3   | Found a dark tunnel.
 13332 | Volcano  | Entered a volcano
 13561 | Volcano  | Found a bloodstained altar of Trog.
 13808 | Lair:3   | Reached skill level 5 in Armour
 14155 | Lair:3   | Noticed Fannar
 14168 | Lair:3   | Killed Fannar
 15583 | Lair:5   | Gained mutation: Your large and strong wings let you fly indefinitely. [Gargoyle growth]
 15583 | Lair:5   | Reached XP level 14. HP: 84/88 MP: 20/20
 16062 | Lair:6   | Entered Level 6 of the Lair of Beasts
 16091 | Lair:6   | Noticed Rupert
 16293 | Lair:5   | Killed Rupert
 16293 | Lair:5   | Reached skill level 17 in Maces & Flails
 17253 | Lair:6   | Found a staircase to the Slime Pits.
 18485 | Lair:1   | Learned a level 1 spell: Summon Butterflies
 18488 | Lair:1   | Learned a level 2 spell: Blink
 18537 | D:12     | Reached XP level 15. HP: 87/95 MP: 21/21
 19053 | D:12     | Reached skill level 18 in Maces & Flails
 19115 | D:12     | Found a staircase to the Orcish Mines.
 19605 | Orc:1    | Entered Level 1 of the Orcish Mines
 19702 | Orc:1    | Found Huesar Fymeu's Jewellery Emporium.
 20052 | Orc:2    | Entered Level 2 of the Orcish Mines
 20479 | Orc:2    | Found a labyrinth entrance.
 20488 | Lab      | Entered a labyrinth
 21439 | Lab      | Reached skill level 10 in Invocations
 21497 | Orc:2    | Found Qidur's Antique Weapon Emporium.
 21606 | Orc:2    | Slain by an orc warrior

Vault maps used:
D:1:      doesnt_arrival_goblin_jail, minivault_27, tso_altar
D:2:      vehumet_crystals, old_standard_altar, minmay_tromino_v4_b
D:3:      nicolae_dithmenos_through_a_glass_darkly, uniq_terence
D:4:      nemelex_altar_shiori, serial_shops, shop, uniq_blork_the_orc,
          uniq_grinder, uniq_edmund
D:5:      minitemple, first_bread
D:6:      lemuel_coloured_pillars_altar, temple_fountains, uniq_duvessa
D:9:      lemuel_doored_altar, uniq_erolcha
D:10:     serial_shops, kennysheep_little_box
D:11:     minmay_the_grid_triangle_9x9_rhombus_full_mashed,
          minmay_lair_entry_grove
D:12:     erik_orc_2
Lair:1:   serial_bayou_lagoon_b, lemuel_fruit_tree, grunt_megastairs_4
Lair:2:   swamp_mist, dummy_snake_entry, gammafunk_lair_bear_cave,
          grunt_megastairs_5
Lair:3:   lightli_volcano_entry_magma_tube, serial_bayou_pond_a,
          roderic_carrion_pond, lemuel_fruit_fields, uniq_fannar
Lair:6:   grunt_lair_end_beastmaster, slime_dummy, serial_bayou_ford_a,
          lemuel_fruit_fields, grunt_megastairs_1, lemuel_fruit_fields,
          uniq_rupert
Orc:1:    serial_shops, shop
Orc:2:    pf_orc_diabolical, lab_entry_generic, serial_shops, shop
Lab:      nicolae_lab_diamond, labyrinth_skeletal_remains, nicolae_lab_lava,
          nicolae_lab_x, lab_block, labyrinth_lava_lair
Volcano:  volcano_grotto

Skill      XL: |  1  2  3  4  5  6  7  8  9 10 11 12 13 14 15 |
---------------+----------------------------------------------+-----
Maces & Flails | 4 5 6 7 9 11 12 14 15 16 17 18 | 18.4
Fighting       | 3 4 5 7 8 9 10 11 | 11.6
Invocations    | 3 6 8 9 10 | 10.1
Shields        | 4 7 9 |  9.4
Armour         | 7 9 |  9.8
Throwing       | |  1.7
Dodging        | |  2.4

Action                   |  1- 3 |  4- 6 |  7- 9 | 10-12 | 13-15 || total
-------------------------+-------+-------+-------+-------+-------++-------
Melee: Flail             |    93 |   189 |   372 |    23 |       ||   677
       Morningstar       |       |       |       |   483 |   173 ||   656
       Great mace        |       |       |       |       |   729 ||   729
Invok: Elemental Force   |       |       |       |     2 |     1 ||     3
       Upheaval          |       |       |       |       |     7 ||     7
       Disaster Area     |       |       |       |       |     2 ||     2
 Abil: Fly               |       |       |       |       |     1 ||     1
       Stop Flying       |       |       |       |       |     1 ||     1
Evoke: Wand              |       |       |       |       |     1 ||     1
  Use: Scroll            |       |    10 |    11 |     9 |    10 ||    40
  Eat: Meat ration       |     1 |       |     1 |       |     2 ||     4
       Chunk             |       |     3 |    11 |    13 |    15 ||    42
       Fruit             |       |       |       |     4 |     5 ||     9
       Royal jelly       |       |       |       |       |     2 ||     2
       Bread ration      |       |       |       |       |     1 ||     1
Armor: Leather armour    |    32 |       |       |       |       ||    32
       Chain mail        |    24 |   148 |   129 |   213 |   456 ||   970
       Scale mail        |       |    12 |    31 |       |    12 ||    55
Dodge: Dodged            |    48 |    86 |   110 |    87 |   313 ||   644
       Deflected         |       |       |     2 |     4 |     9 ||    15
Block: Other             |       |    16 |    16 |       |   279 ||   311
       Shield            |       |       |   168 |   439 |   129 ||   736
       Reflection        |       |       |       |       |    10 ||    10
